 Dungeon Crawl Stone Soup version 0.27.1-1-g398f81649c (webtiles) character file.

Game seed: 2767640580478769576

59 Rickety the Sneak (level 3, -2/16 HPs)
             Began as a Spriggan Enchanter on Sept 20, 2021.
             Slain by a goblin (12 damage)
             ... led by Robin
             ... on level 2 of the Dungeon.
             The game lasted 00:05:23 (2287 turns).

Rickety the Sneak (Spriggan Enchanter)              Turns: 2287, Time: 00:05:23

Health: -2/16      AC:  2    Str:  4    XL:     3   Next: 78%
Magic:  2/8        EV: 17    Int: 16    God:
Gold:   58         SH:  0    Dex: 16    Spells: 2/8 levels left

rFire    . . .     SeeInvis +   a - +1 dagger
rCold    . . .     Faith    .   (shield restricted)
rNeg     . . .     Spirit   .   b - +0 robe
rPois    .         Reflect  .   (helmet restricted)
rElec    .         Harm     .   (no cloak)
rCorr    .         Rampage  .   (gloves unavailable)
Will     .....                  (boots unavailable)
Stlth    +++.......             (no amulet)
HPRegen  0.05/turn              (no ring)
MPRegen  0.11/turn              (no ring)

@: very slightly contaminated, very quick
A: very small, no large weapons, unfitting armour, see invisible, speed 3
a: no special abilities


You were on level 2 of the Dungeon.
You visited 1 branch of the dungeon, and saw 2 of its levels.

You collected 58 gold pieces.

Inventory:

Hand Weapons
 a - a +1 dagger (weapon)
Armour
 b - a +0 robe (worn)
Magical Staves
 c - a staff of earth
Jewellery
 k - a ring of fire
Scrolls
 d - a scroll of identify {unknown}
 f - a scroll of teleportation {unknown}
 g - a scroll of fear {unknown}
 j - 2 scrolls of magic mapping {unknown}
Potions
 e - a potion of flight {unknown}
 h - a potion of ambrosia {unknown}
 i - 2 potions of haste {unknown}


   Skills:
 + Level 0.2 Fighting
 + Level 1.4 Short Blades
 + Level 2.7 Dodging
 * Level 5.9 Stealth
 + Level 3.1 Spellcasting
 + Level 4.4 Hexes


You had 2 spell levels left.
You knew the following spells:

 Your Spells              Type           Power      Damage    Failure   Level
a - Corona                Hex            17%        N/A       3%          1
b - Ensorcelled Hibernat  Hex/Ice        18%        N/A       11%         2
c - Confusing Touch       Hex            16%        N/A       9%          3

Your spell library contained the following spells:

 Spells                   Type           Power      Damage    Failure   Level
 Sublimation of Blood     Necr           1%         N/A       28%         2
 Wereblood                Tmut           2%         N/A       28%         2
 Tukima's Dance           Hex            16%        N/A       9%          3
 Dazzling Flash           Conj/Hex       18%        N/A       22%         3
 Summon Hydra             Summ           1%         N/A       100%        7


Dungeon Overview and Level Annotations

Branches:
Dungeon (2/15)

Altars:

Annotations:
D:2 Robin


Innate Abilities, Weirdness & Mutations

You are very small and have problems with some larger weapons.
You are too small for most types of armour.
You have supernaturally acute eyesight. (SInv)
You cover ground extremely quickly. (Speed+++)


Message History

No target in view!
Your magical contamination has completely faded away.
HP restored.
A hobgoblin comes into view.
Found a blackened sapphire amulet.
The hobgoblin shouts!
You hear a shout! x3
You hit the hobgoblin but do no damage. The hobgoblin closely misses you.
Casting: Ensorcelled Hibernation (safe; 12% risk of failure)
Confirm with . or Enter, or press ? or * to list all spells.
Aiming: Ensorcelled Hibernation (safe; 12% risk of failure)
Press: ? - help, Shift-Dir - straight line, f - hobgoblin
Aim: a hobgoblin (chance to affect: 58%)
The hobgoblin looks drowsy...
The helpless hobgoblin fails to defend itself.
You impale the hobgoblin!!
You kill the hobgoblin!
Robin is nearby!
Casting: Ensorcelled Hibernation (safe; 11% risk of failure)
Confirm with . or Enter, or press ? or * to list all spells.
Aiming: Ensorcelled Hibernation (safe; 11% risk of failure)
Press: ? - help, Shift-Dir - straight line, f - Robin
Aim: Robin, wielding a +1 trident of venom, wearing a +0 animal skin and wearing a +0 helmet (chance to affect: 50%)
You miscast Ensorcelled Hibernation.
You are very lightly contaminated with residual magic.
Nothing appears to happen.
Robin throws the goblin at you!
Casting: Ensorcelled Hibernation (safe; 11% risk of failure)
Confirm with . or Enter, or press ? or * to list all spells.
Aiming: Ensorcelled Hibernation (safe; 11% risk of failure)
Press: ? - help, Shift-Dir - straight line, f - goblin, p - Robin
Aim: a goblin, wielding a +0 short sword of electrocution (chance to affect: 58%)
The goblin looks drowsy...
Robin roars a battlecry!
The goblin goes into a battle-frenzy!
You hear a shout! x2
You miss the goblin.
The goblin shouts!
The goblin hits you with a +0 short sword of electrocution.
You are electrocuted!
Ouch! That really hurt!
You die...

##.#####.##.####)........
....)...........#.#######
#.####....####.###.# #.
#.....##.## #.### #.
#.....#.## #.. #.
#.###....## #.### #. #.#
#..##.###.# #. #.#
#..###g#..#### #. #.#
#..# #.@.....# # #. #..#
##...##g# #.####b ....
...## ...S..S ......."..#
####.## ##..####### #..#


You could see Robin and a goblin (strong).

Vanquished Creatures
  An adder (D:2)
  A worm (D:2)
  A dart slug (D:1)
  A bat (D:2)
  An endoplasm (D:1)
  3 giant cockroaches
  5 goblins
  10 hobgoblins
  4 jackals (D:2)
  A kobold (D:1)
  4 quokkas
  A ball python (D:1)
  A frilled lizard (D:1)
  4 rats (D:1)
38 creatures vanquished.

Notes
Turn   | Place    | Note
-------+----------+-------------------------------------------
     0 | D:1      | Rickety the Spriggan Enchanter began the quest for the Orb.
     0 | D:1      | Reached XP level 1. HP: 9/9 MP: 5/5
   474 | D:1      | Reached XP level 2. HP: 13/13 MP: 4/6
   477 | D:1      | Learned a level 2 spell: Ensorcelled Hibernation
   951 | D:1      | Found a faded altar of an unknown god.
  1241 | D:1      | Reached skill level 5 in Stealth
  1685 | D:2      | Noticed Robin
  1753 | D:2      | Reached XP level 3. HP: 16/16 MP: 8/8
  1757 | D:2      | Learned a level 3 spell: Confusing Touch
  2287 | D:2      | Slain by a goblin

Illustrated notes

Levels and vault maps discovered:
D:1:      dpeg_arrival_fog, layout_rooms, ebering_ecumenical_altar_mist,
          chequers_serial_rivers_micro_a
D:2:      layout_loops_ring, uniq_robin

Skill      XL: |  1  2 |
---------------+-------+-----
Hexes          | 4 |  4.4
Spellcasting   | 3 |  3.1
Stealth        | 5 |  5.9
Fighting       | |  0.2
Short Blades   | |  1.4
Dodging        | |  2.7

Action                   || total
-------------------------++-------
Melee: Dagger            ||   114
 Cast: Corona            ||    10
       Ensorcelled Hiber ||    29
 Stab: Sleeping          ||    22
Armor: Robe              ||     8
Dodge: Dodged            ||    90
